 Dungeon Crawl Stone Soup version 0.25-a0-85-g7617fd2bc2 (webtiles) character file.

Game seed: 11401112061020877067, levelgen mode: deterministic

743 MrRokkomies the Jinx (level 7, 0/46 HPs)
             Began as a Vampire Enchanter on Nov 8, 2019.
             Slain by an ogre
             ... wielding a +0 giant club
              (29 damage)
             ... on level 5 of the Dungeon.
             The game lasted 00:12:53 (4052 turns).

MrRokkomies the Jinx (Vampire Enchanter)            Turns: 4052, Time: 00:12:53

Health: 0/46       AC:  4    Str:  8    XL:     7   Next: 47%
Magic:  7/10       EV: 12    Int: 19    God:
Gold:   207        SH:  0    Dex: 14    Spells: 4/10 levels left

rFire    + . .     SeeInvis +   a - +0 dagger (venom)
rCold    . . .     Gourm    .   (no shield)
rNeg     . . .     Faith    .   b - +0 robe
rPois    .         Spirit   .   v - +0 helmet
rElec    .         Reflect  .   h - +0 cloak
rCorr    .         Harm     .   (no gloves)
MR       .....                  (no boots)
Stlth    ++++......             k - amulet of rage
HPRegen  0.35/turn              w - ring of protection from fire
MPRegen  0.12/turn              (no ring)

@: regenerating quickly
A: no food, fangs 3, see invisible, unbreathing
a: Exsanguinate, Evoke Berserk Rage


You were on level 5 of the Dungeon.
You were alive.

You visited 1 branch of the dungeon, and saw 5 of its levels.

You collected 207 gold pieces.

Inventory:

Hand Weapons
 a - a +0 dagger of venom (weapon)
Missiles
 o - 83 stones (quivered)
Armour
 b - a +0 robe (worn)
 h - a +0 cloak (worn)
 v - a +0 helmet (worn)
Jewellery
 k - an amulet of rage (around neck)
 w - a ring of protection from fire (left hand)
Wands
 q - a wand of polymorph (8)
Scrolls
 d - 6 scrolls of teleportation
 g - a scroll of identify
 j - a scroll of magic mapping {unknown}
 l - a scroll of remove curse
 r - a scroll of noise {unknown}
 t - a scroll of amnesia {unknown}
Potions
 c - a potion of magic
 e - a potion of curing
 f - 3 potions of mutation {unknown}
 i - a potion of resistance {unknown}
 m - a potion of might {unknown}
 n - 2 potions of agility
 p - a potion of berserk rage
 s - a potion of lignification {unknown}
 u - a potion of haste {unknown}
 x - a potion of invisibility {unknown}
 z - a potion of ambrosia {unknown}


   Skills:
 * Level 5.8 Short Blades
 - Level 2.1 Dodging
 + Level 7.2 Stealth
 - Level 2.0 Spellcasting
 * Level 8.7 Hexes


You had 4 spell levels left.
You knew the following spells:

 Your Spells              Type           Power        Failure   Level  Hunger
a - Corona                Hex            #####..      1%          1    N/A
b - Ensorcelled Hibernat  Hex/Ice        ###...       4%          2    N/A
c - Confuse               Hex            #####...     1%          3    N/A

Your spell library contained the following spells:

 Spells                   Type           Power        Failure   Level  Hunger
 Tukima's Dance           Hex            #####...     1%          3    N/A
 Dazzling Spray           Conj/Hex       ###...       9%          3    N/A

Dungeon Overview and Level Annotations

Branches:
Dungeon (5/15)
 Temple: D:4-7

Altars:
Cheibriados
Xom
The Shining One

Annotations:
D:3 1 runed translucent door, Natasha; greenger's ghost, amateur OpVM


Innate Abilities, Weirdness & Mutations

You do not eat.
Your natural rate of healing is unusually fast.
You have razor-sharp teeth.
You have supernaturally acute eyesight. (SInv)
You can survive without breathing.


Message History

You start resting.
You feel sick. x2
You are no longer poisoned.
You start resting.
HP restored.
Found a ring mail.
An ogre comes into view. It is wielding a +0 giant club.
You see here a ring mail.
A hound comes into view.
The ogre hits you with a +0 giant club!!
The hound barks!
Casting: Confuse (safe; 1% risk of failure)
Confirm with . or Enter, or press ? or * to list all spells.
Aiming: Confuse (safe; 1% risk of failure)
Press: ? - help, Shift-Dir - straight line, f - ogre
Aim: an ogre, wielding a +0 giant club (chance to defeat MR: 63%)
The ogre resists with significant effort.
The ogre hits you with a +0 giant club!!
Ouch! That really hurt!
You die...

....<# ...... .....##
.....# ##.....## .....#
#.......# #.....
.......# ..####
.......# ### ###...h.#
# ############.......##
###........[....@.....#
....###########..O....#
##### #.......#
##.....## ##...## ####


You could see an ogre and a hound.

Vanquished Creatures
  An ice beast (D:4)
  A gnoll sergeant (D:5)
  A scorpion (D:5)
  A hound (D:4)
  2 orc priests
  A gnoll shaman (D:4)
  Terence (D:2)
  2 orc wizards (D:4)
  Natasha (twice) (D:3)
  3 worker ants
  A hound skeleton (D:5)
  6 adders
  3 gnolls (D:4)
  2 oozes
  4 worms (D:3)
  10 dart slugs
  3 leopard geckos
  17 orcs
  5 bats
  4 giant cockroaches
  3 goblins (D:1)
  5 hobgoblins
  4 jackals (D:1)
  7 kobolds
  3 ball pythons
  5 frilled lizards
  4 rats
101 creatures vanquished.

Vanquished Creatures (others)
  A centaur (D:5)
  An adder (D:5)
2 creatures vanquished.

Grand Total: 103 creatures vanquished

Notes
Turn   | Place    | Note
-------+----------+-------------------------------------------
     0 | D:1      | MrRokkomies the Vampire Enchanter began the quest for the
                  | Orb.
     0 | D:1      | Reached XP level 1. HP: 13/13 MP: 3/3
    44 | D:1      | Reached XP level 2. HP: 13/19 MP: 5/5
    68 | D:1      | Learned a level 2 spell: Ensorcelled Hibernation
   238 | D:1      | Reached skill level 5 in Hexes
   404 | D:1      | Reached XP level 3. HP: 18/24 MP: 6/6
   498 | D:1      | Learned a level 3 spell: Confuse
   983 | D:2      | Reached skill level 5 in Stealth
  1212 | D:2      | Noticed Terence
  1219 | D:2      | Killed Terence
  1219 | D:2      | Reached XP level 4. HP: 30/30 MP: 7/7
  1891 | D:3      | Found a snail-covered altar of Cheibriados.
  1912 | D:3      | Reached skill level 6 in Hexes
  1966 | D:3      | Reached XP level 5. HP: 24/35 MP: 1/8
  2175 | D:3      | Noticed greenger's ghost (amateur OpVM)
  2181 | D:3      | Found a runed translucent door.
  2271 | D:3      | Noticed Natasha
  2275 | D:3      | Killed Natasha
  2429 | D:3      | Noticed Natasha
  2448 | D:3      | Killed Natasha
  2538 | D:3      | Noticed Natasha
  2616 | D:3      | Reached skill level 7 in Hexes
  2904 | D:4      | Reached XP level 6. HP: 41/41 MP: 9/9
  3610 | D:4      | Found a glowing golden altar of the Shining One.
  3653 | D:4      | Noticed an ice beast
  3660 | D:4      | Killed an ice beast
  3660 | D:4      | Reached skill level 5 in Short Blades
  3660 | D:4      | Reached skill level 8 in Hexes
  3660 | D:4      | Reached XP level 7. HP: 46/46 MP: 10/10
  3735 | D:5      | Entered Level 5 of the Dungeon
  3805 | D:5      | Found a shimmering altar of Xom.
  4052 | D:5      | Slain by an ogre

Levels and vault maps discovered:
D:1:      dpeg_arrival_rhombus, layout_loops_ring
D:2:      layout_basic, uniq_terence
D:3:      kennysheep_slugbush, layout_loops_ring,
          nicolae_overflow_crystal_walls, hellmonk_ghost_happy_afterlife,
          uniq_natasha
D:4:      layout_basic, tso_oasis_becter, first_ration, serial_glass,
          glass_columns_a, glass_columns_a
D:5:      layout_rooms, lemuel_round_altar, minmay_temple_entry_fiery,
          st_stairs_1, fountainhead, serial_bayou_ford_a, xom_confusion_cloud

Skill      XL: |  1  2  3  4  5  6  7 |
---------------+----------------------+-----
Hexes          | 5 6 7 8 |  8.7
Short Blades   | 2 3 4 5 |  5.8
Stealth        | 5 6 7 |  7.2
Dodging        | |  2.1
Spellcasting   | |  2.0

Action                   |  1- 3 |  4- 6 |  7- 9 || total
-------------------------+-------+-------+-------++-------
Melee: Dagger            |   114 |   246 |    27 ||   387
       Bite              |     8 |    19 |     1 ||    28
 Cast: Ensorcelled Hiber |     2 |    26 |       ||    28
       Confuse           |       |     1 |     3 ||     4
  Use: Scroll            |       |    11 |       ||    11
       Potion            |       |     2 |     2 ||     4
 Stab: Distracted        |     1 |       |       ||     1
       Sleeping          |    13 |    30 |     2 ||    45
       Confused          |       |     1 |       ||     1
Armor: Robe              |    14 |    40 |     3 ||    57
Dodge: Dodged            |    66 |   129 |     9 ||   204

Table legend:
 A = Non-vault XP
 B = Vault XP
 C = Vault XP percentage of total XP
 D = Non-vault monster count
 E = Vault monster count
 F = Vault count percentage of total count
                 A         B        C        D         E       F
            +---------+---------+-------+---------+---------+-------
      Total |     886 |     176 |  16.6 |      91 |      10 |   9.9
            +---------+---------+-------+---------+---------+-------
        D:1 |      50 |       0 |   0.0 |      23 |       0 |   0.0
        D:2 |      46 |      36 |  43.9 |      12 |       1 |   7.7
        D:3 |     173 |      63 |  26.7 |      28 |       8 |  22.2
        D:4 |     412 |       0 |   0.0 |      19 |       0 |   0.0
        D:5 |     205 |      77 |  27.3 |       9 |       1 |  10.0
            +---------+---------+-------+---------+---------+-------
